Map: Dasan Station LE

Players

Fropez - Winner!

  • Race: Protoss Protoss
  • League: Gold
  • Spawn Location: 12:00

smile

  • Race: Terran Terran
  • Spawn Location: 6:00

VOD

Have the link to the VOD?

Description

Time

  • Played on: Nov. 2, 2016, 7:48 p.m.
  • Length: 8:08
Show
View Real Time Build Order
Export as new Build Order

Fropez Protoss - Winner!

Build Orders:  

Get SALT Encoding   

  12  0:01  Probe (Chrono Boost)  
  13  0:14  Probe (Chrono Boost)  
  13  0:19  Pylon  
  14  0:25  Probe (Chrono Boost)  
  15  0:38  Gateway  
  15  0:40  Probe (Chrono Boost)  
  16  0:56  Probe (Chrono Boost)  
  17  1:07  Probe (Chrono Boost), Gateway  
  17  1:08  Gateway  
  18  1:17  Probe (Chrono Boost)  
  19  1:19  Assimilator  
  19  1:23  Assimilator  
  19  1:28  Probe (Chrono Boost)  
  20  1:38  Probe (Chrono Boost)  
  21  1:40  Cybernetics Core  
  21  1:49  Probe (Chrono Boost)  
  22  1:59  Probe (Chrono Boost)  
  23  2:18  Warp Gate (Chrono Boost)  
  22  2:25  Probe (Chrono Boost)  
  22  2:29  Pylon  
  23  2:36  Pylon  
  23  2:47  Adept x3, Mothership Core (Chrono Boost)  
  23  2:49  Pylon  
  31  3:06  Probe  
  32  3:13  Nexus  
  32  3:19  Probe  
  33  3:31  Probe  
  34  3:51  Gateway  
  34  3:53  Gateway  
  34  3:57  Twilight Council  
  34  4:14  Stalker x3  
  34  4:16  Probe  
  41  4:26  Pylon, Probe  
  41  4:28  Probe  
  43  4:46  Adept x3  
  43  4:49  Resonating Glaives (Chrono Boost)  
  43  4:52  Probe  
  50  4:55  Probe, Assimilator  
  51  5:04  Probe  
  52  5:22  Adept x4  
  52  5:23  Adept  
  52  5:28  Probe  
  62  5:29  Probe  
  62  5:34  Assimilator  
  64  5:39  Pylon  
  64  6:02  Stalker x4  
  64  6:03  Stalker  
  74  6:32  Pylon  
  68  6:35  Pylon  
  39  6:59  Mothership Core  
  39  7:02  Pylon  
  39  7:03  Pylon  
  39  7:11  Zealot x2  
  39  7:12  Zealot x3  
  49  7:38  Zealot x2  
  53  7:55  Dark Shrine  
Show
View Real Time Build Order
Export as new Build Order

smile Terran 

Build Orders: MMM Bio 

Get SALT Encoding   

  12  0:01  SCV  
  13  0:13  SCV  
  14  0:18  Supply Depot  
  14  0:25  SCV  
  15  0:30  Refinery  
  15  0:41  Barracks  
  15  0:48  Supply Depot  
  15  0:51  SCV  
  16  1:04  SCV  
  17  1:13  Barracks  
  17  1:19  SCV  
  18  1:31  Reaper  
  19  1:33  SCV  
  20  1:42  Refinery  
  20  1:52  Factory  
  20  1:57  SCV  
  21  2:13  SCV  
  21  2:14  Barracks Reactor  
  22  2:25  Supply Depot, Barracks Tech Lab  
  22  2:28  Barracks  
  22  2:39  Orbital Command  
  22  2:47  Factory Reactor  
  22  2:55  Marauder  
  24  2:59  Stimpack  
  24  3:02  Marine  
  25  3:05  Marine  
  25  3:11  SCV  
  27  3:20  Starport  
  27  3:22  Barracks Tech Lab  
  27  3:34  Starport  
  27  3:37  Factory Tech Lab  
  27  3:38  Marine  
  27  3:39  Marine  
  29  3:46  Marauder  
  31  3:55  SCV  
  31  3:58  Marine  
  31  4:01  Starport Tech Lab  
  33  4:08  SCV  
  33  4:09  Marauder  
  36  4:12  Marauder  
  38  4:19  Marine  
  39  4:28  Supply Depot  
  39  4:35  Supply Depot  
  39  4:39  Combat Shields  
  39  4:49  Marine, Medivac  
  39  4:50  Marauder  
  44  4:55  Medivac  
  44  4:58  Supply Depot  
  46  5:04  Concussive Shells  
  46  5:09  Marauder  
  46  5:13  Marine  
  49  5:14  Marine x2  
  51  5:29  Supply Depot  
  51  5:30  Marine  
  52  6:05  Marine x2, Marauder x2  
  58  6:23  Marine x2  
  31  7:35  Marauder  
Tags
 
Composition
MMM Bio
League
Gold
Matchup
PvT
Replay Pack
All Mines
Spawn Locations
Cross Positions
Add a new tag
Caveats
  • Supply blocks, unpowered buildings, or Contaminate may cause inaccurate times.
  • Supply counts are checked every 10 seconds.